 Dungeon Sprint DCSS version 0.31-a0-662-g684573625c (webtiles) character file.

Game seed: 13980659492976840688

293 sircluck the Thaumaturge (level 6, -8/41 HPs)
             Began as a Mummy Necromancer on Sept 1, 2023.
             Mangled by a yak (15 damage)
             ... in the Dungeon (Sprint I: "Red Sonja").
             The game lasted 00:02:26 (344 turns).

sircluck the Thaumaturge (Mummy Necromancer)         Turns: 344, Time: 00:02:27

Health: -8/41      AC:  5    Str: 11    XL:     6   Next: 11%
Magic:  9/17       EV: 12    Int: 17    God:
Gold:   243        SH:  0    Dex: 12    Spells: 20/21 levels left

rFire   x . .        d - +0 dagger
rCold   + . .        (no shield)
rNeg    + + +        e - +0 ring mail
rPois   ∞            (no helmet)
rElec   .            (no cloak)
rCorr   .            (no gloves)
SInv    .            (no boots)
Will    .....        (no amulet)
Stlth   ++           (no ring)
HPRegen 0.26/turn    (no ring)
MPRegen 0.15/turn

%: no teleportation, faith
@: no status effects
A: cold resistance 1, negative energy resistance 3, torment resistance 2, heat
vulnerability 1, in touch with death 1, no potions, faith
a: no special abilities


You were in the Dungeon.
You visited 1 branch You collected 243 gold pieces.

Inventory:

Hand Weapons
 d - a +0 dagger (weapon)
Armour
 a - a +0 robe
 e - a +0 ring mail (worn)
Wands
 c - a wand of polymorph (8)
Scrolls
 f - a scroll of immolation {unknown}


   Skills:
 + Level 5.5 Dodging
 + Level 6.0 Stealth
 + Level 8.1 Spellcasting
 + Level 7.6 Necromancy


You had 20 spell levels left.
You knew the following spells:

 Your Spells              Type           Power      Damage    Failure   Level
a - Necrotise             Necr           100%       1d9       1%          1

Your spell library contained the following spells:

 Spells                   Type           Power      Damage    Failure   Level
 Vampiric Draining        Necr           49%        2d9       3%          3
 Animate Dead             Necr           49%        N/A       11%         4
 Agony                    Necr           49%        N/A       30%         5


Dungeon Overview and Level Annotations

Branches:
Dungeon (1/1)

Altars:
Cheibriados
Dithmenos
Fedhas
Gozag
Hepliaklqana
Kikubaaqudgha
Makhleb
Okawaru
Qazlal
Ru
Sif Muna
Trog
Uskayaw
Vehumet
Wu Jian
Xom
Yredelemnul
Jiyva
Lugonu

Shops:
D (


Innate Abilities, Weirdness & Mutations

You are immune to poison.
Your flesh is cold resistant. (rC+)
You are immune to negative energy. (rN+++)
You are immune to unholy pain and torment.
You are vulnerable to heat. (rF-)
You are in touch with the powers of death.
You do not drink.
You have a special connection with the divine. (Faith)


Message History

You can't see any susceptible monsters within range! (Use Z to cast anyway.) Unknown command.
Casting: Necrotise (safe; 1% risk of failure)
Confirm with . or Enter, or press ? or * to list all spells.
You can't see any susceptible monsters within range! (Use Z to cast anyway.) Unknown command.
Casting: Necrotise (safe; 1% risk of failure)
Confirm with . or Enter, or press ? or * to list all spells.
Aiming: Necrotise (safe; 1% risk of failure)
Press: ? - help, Shift-Dir - straight line, f - yak
Aim: a yak (moderately wounded, chance to affect: 83%)
You feel a surge of power!
The yak barely resists.
Casting: Necrotise (safe; 1% risk of failure)
Confirm with . or Enter, or press ? or * to list all spells.
Aiming: Necrotise (safe; 1% risk of failure)
Press: ? - help, Shift-Dir - straight line, f/p - yak
Aim: a yak (moderately wounded, chance to affect: 83%)
You feel a surge of power!
The yak writhes in agony.
There is an open door here.
Casting: Necrotise (safe; 1% risk of failure)
Confirm with . or Enter, or press ? or * to list all spells.
Aiming: Necrotise (safe; 1% risk of failure)
Press: ? - help, Shift-Dir - straight line, f/p - yak
Aim: a yak (moderately wounded, chance to affect: 83%)
You feel a surge of power!
The yak barely resists.
The yak attacks as it pursues you! The yak gores you but does no damage.
There is an open door here.
Casting: Necrotise (safe; 1% risk of failure)
Confirm with . or Enter, or press ? or * to list all spells.
Aiming: Necrotise (safe; 1% risk of failure)
Press: ? - help, Shift-Dir - straight line, f/p - yak
Aim: a yak (moderately wounded, chance to affect: 83%)
You feel a surge of power!
The yak writhes in agony.
The yak misses you.
Casting: Necrotise (safe; 1% risk of failure)
Confirm with . or Enter, or press ? or * to list all spells.
Aiming: Necrotise (safe; 1% risk of failure)
Press: ? - help, Shift-Dir - straight line, f/p - yak
Aim: a yak (heavily wounded, chance to affect: 83%)
You feel a surge of power!
The yak writhes in agony!
The yak gores you!
You die...

################ ##
#<.#..'..#..'..#__#
#..÷..#.@Y..#..+J.+
#..#####+#####'#__#
#..# #...#)# ##
#).# _ #..##.# #.)#
____##'#_.+
#⌠⌠#_.∩...'..._#
####_..__##_.#'#


____ ##+#)# ### ### You could see a yak.

Vanquished Creatures
  Sigmund (D)
  An ogre (D)
  A jelly (D)
  Ijyb (D)
4 creatures vanquished.

Notes
Turn   | Place    | Note
-------+----------+-------------------------------------------
     0 | D        | sircluck the Mummy Necromancer began the quest for the Orb.
     0 | D        | Reached XP level 1. HP: 13/13 MP: 4/4
     1 | D        | Noticed Ijyb
    17 | D        | Killed Ijyb
    18 | D        | Reached skill level 4 in Spellcasting
    18 | D        | Reached XP level 2. HP: 4/19 MP: 0/7
   104 | D        | Noticed an ogre
   117 | D        | Killed an ogre
   118 | D        | Reached skill level 6 in Spellcasting
   118 | D        | Reached XP level 3. HP: 24/24 MP: 2/10
   118 | D        | Reached XP level 4. HP: 30/30 MP: 2/12
   128 | D        | Noticed Sigmund
   164 | D        | Killed Sigmund
   165 | D        | Reached skill level 5 in Dodging
   165 | D        | Reached skill level 5 in Stealth
   165 | D        | Reached skill level 7 in Spellcasting
   165 | D        | Reached XP level 5. HP: 4/35 MP: 0/15
   288 | D        | Found a burning altar of Makhleb.
   288 | D        | Found a viscous altar of Jiyva.
   288 | D        | Found a shimmering altar of Xom.
   288 | D        | Found a corrupted altar of Lugonu.
   288 | D        | Noticed a slime creature
   293 | D        | Found an ornate altar of the Wu Jian Council.
   293 | D        | Found a shimmering blue altar of Sif Muna.
   295 | D        | Found a radiant altar of Vehumet.
   298 | D        | Reached skill level 8 in Spellcasting
   298 | D        | Reached XP level 6. HP: 41/41 MP: 14/17
   325 | D        | Found Vyuleinu's Antique Weapon Emporium.
   325 | D        | Found an ancient bone altar of Kikubaaqudgha.
   325 | D        | Found a hazy altar of Hepliaklqana.
   325 | D        | Found a hide-covered altar of Uskayaw.
   325 | D        | Found a basalt altar of Yredelemnul.
   325 | D        | Found an opulent altar of Gozag.
   325 | D        | Found a snail-covered altar of Cheibriados.
   325 | D        | Found a sacrificial altar of Ru.
   325 | D        | Found a shadowy altar of Dithmenos.
   325 | D        | Noticed a yak
   331 | D        | Found a stormy altar of Qazlal.
   331 | D        | Found a blossoming altar of Fedhas.
   331 | D        | Found a bloodstained altar of Trog.
   331 | D        | Found an iron altar of Okawaru.
   344 | D        | Mangled by a yak

Illustrated notes

Levels and vault maps discovered:
D:        dungeon_sprint_1 [red_sonja_temple_1, red_sonja_temple_small_1]

Skill      XL: |  1  2  3  4  5 |
---------------+----------------+-----
Dodging        | 2 4 5 |  5.5
Stealth        | 2 4 5 6 |  6.0
Spellcasting   | 4 6 7 8 |  8.1
Necromancy     | 6 7 |  7.6

Action                     |  1- 3 |  4- 6 || total
---------------------------+-------+-------++-------
  Melee: Unarmed           |    11 |       ||    11
         Dagger            |     1 |     4 ||     5
   Cast: Necrotise         |     9 |    18 ||    27
    Use: Scroll            |       |     1 ||     1
 Armour: Robe              |     4 |       ||     4
         Ring mail         |       |    15 ||    15
  Dodge: Dodged            |    10 |     3 ||    13

Table legend: (Time is in decaauts)
 A = Elapsed time spent in this place.
 B = Non-inter-level travel time spent in this place.
 C = Inter-level travel time spent in this place.
 D = Time resting spent in this place.
 E = Time spent auto-exploring this place.
 F = Levels seen in this place.
 G = Mean time per level.
                   A        B        C        D        E       F      G
               +--------+--------+--------+--------+--------+-----+--------+
         Total |    343 |    321 |     22 |    162 |      1 |   1 |  343.0 |
       Dungeon |    343 |    321 |     22 |    162 |      1 |   1 |  343.0 |
               +--------+--------+--------+--------+--------+-----+--------+

Top non-repeatable levels by time:
       D: 343 daAuts
